AoeStats
← paulgabduggan

Arena

504353549Analyzed
1v1 RM · 27d ago on Sep 5, 2026· 43m 0s· 2 players
Game mode
Random Map
Map size
Tiny (2 player)
Population
200
Speed
Normal
Resources
Standard
Victory
Conquest
Starting age
Dark Age
Ending age
Imperial Age
RankedLock teamsTeams togetherTeam positionsShared explorationLock speedFull tech treeHidden civsTurbo modeCheats
Victory
Defeat
🇦🇷 Poles · Argentina
1668
+11
🇺🇸 Burgundians · United States
1559
-11
TheMaingraker
8:30 Feudal Age
6:46 Loom
9:06 Double-Bit Axe
14:49 Fletching
21:57 Castle Age
20:01 Horse Collar
21:21 Stone Mining
23:02 Bow Saw
22:53 Bodkin Arrow
23:35 Guard Tower
24:54 Scale Mail Armor
30:58 Imperial Age
28:19 Pikeman
30:23 Szlachta Privileges
33:07 Chemistry
33:38 Chain Mail Armor
33:41 Bloodlines
34:54 Wheelbarrow
34:05 Town Watch
35:32 Husbandry
36:53 Cavalier
40:27 Scale Barding Armor
40:25 Devotion
41:43 Light Cavalry
paulgabduggan
3:20 Double-Bit Axe
10:10 Feudal Age
11:42 Loom
13:16 Bow Saw
12:51 Horse Collar
17:03 Fletching
22:22 Castle Age
20:46 Gold Mining
22:25 Scale Barding Armor
22:26 Cavalier
23:50 Chain Barding Armor
28:01 Burgundian Vineyards
35:30 Imperial Age
35:51 Padded Archer Armor
37:15 Chemistry
37:42 Leather Archer Armor
Connection lost

Rejoining the realm…

Still unreachable

The connection could not be restored.

Session expired

The server has moved on; the page needs a fresh start.